 Dungeon Crawl Stone Soup version 0.29-a0-577-gafbf2c5d25 (webtiles) character file.

Game seed: 3709432904976572852

3167 DocClef the Covert (level 9, -11/77 (81) HPs)
             Began as a White Draconian Delver on June 13, 2022.
             Was a Priest of Okawaru.
             Mangled by a sun demon (19 damage)
             ... summoned by an orc sorcerer
             ... on level 8 of the Dungeon.
             The game lasted 00:08:35 (8192 turns).

DocClef the Covert (White Draconian Delver)         Turns: 8192, Time: 00:08:36

HP:   -11/77 (81)   AC: 15    Str: 14    XL:     9   Next: 63%
MP:   7/9           EV: 18    Int: 12    God:    Okawaru [***...]
Gold: 465           SH:  0    Dex: 16    Spells: 8/8 levels left

rFire   . . .      SeeInvis +   o - +2 dagger (elec)
rCold   + . .      Faith    .   (no shield)
rNeg    . . .      Spirit   .   (body armour unavailable)
rPois   .          Reflect  .   (helmet restricted)
rElec   .          Harm     .   h - +0 cloak
rCorr   .          Rampage  .   y - +2 pair of gloves
Will    .....                   (no boots)
Stlth   +++++.....              (no amulet)
HPRegen 0.22/turn               m - ring of see invisible
MPRegen 0.11/turn               B - +4 ring of protection

@: heroic, lightly drained
A: breathe frost, AC +7, unfitting armour, cold resistance 1, cold-blooded
a: Breathe Frost, Renounce Religion, Heroism


You were on level 8 of the Dungeon.
You worshipped Okawaru.
Okawaru was most pleased with you.
You visited 1 branch of the dungeon, and saw 8 of its levels.

You collected 465 gold pieces.

Inventory:

Hand Weapons
 o - a +2 dagger of electrocution (weapon)
 D - a +1 short sword of venom
Armour
 h - a +0 cloak (worn)
 y - a +2 pair of gloves (worn)
Jewellery
 m - a ring of see invisible (left hand)
 A - a ring of protection from fire
 B - a +4 ring of protection (right hand)
Wands
 f - a wand of digging (3)
 g - a wand of polymorph (14)
 r - a wand of acid (8)
Scrolls
 b - 3 scrolls of fog
 c - 4 scrolls of magic mapping
 d - 3 scrolls of fear
 n - 2 scrolls of identify
 q - 3 scrolls of immolation
 w - 4 scrolls of teleportation
 C - a scroll of silence
Potions
 a - 2 potions of attraction
 e - 4 potions of haste
 i - 8 potions of lignification
 j - 2 potions of degeneration
 k - 3 potions of mutation
 l - a potion of cancellation {unknown}
 p - 3 potions of heal wounds
 s - a potion of might {unknown}
 u - 2 potions of curing
 v - 2 potions of resistance {unknown}
 x - 4 potions of brilliance {unknown}


   Skills:
 + Level 8.2(13.2) Fighting
 + Level 7.0(12.0) Short Blades
 + Level 6.4(11.4) Dodging
 + Level 8.2(13.2) Stealth


You had 8 spell levels left.
You didn't know any spells.
Your spell library contained the following spells:

 Spells                   Type           Power      Damage    Failure   Level
 Static Discharge         Conj/Air       0%         N/A       45%         2
 Gell's Gravitas          Tloc           0%         N/A       69%         3
 Ignite Poison            Fire/Tmut/Pois 0%         N/A       69%         3
 Lesser Beckoning         Tloc           0%         N/A       69%         3
 Mephitic Cloud           Conj/Pois/Air  0%         N/A       69%         3
 Teleport Other           Tloc           0%         N/A       69%         3
 Corpse Rot               Necr/Pois/Air  0%         N/A       97%         4
 Dispel Undead            Necr           0%         3d6       97%         4
 Sticky Flame             Conj/Fire      0%         2d3       97%         4
 Freezing Cloud           Conj/Ice/Air   0%         6-21      100%        5
 Death Channel            Necr           Unusable   N/A       N/A         6

Dungeon Overview and Level Annotations

Branches:
Dungeon (8/15)             Temple (0/1) D:7
   Lair: D:8-11

Altars:
Ashenzari
Cheibriados
Elyvilon
Makhleb
Okawaru
Sif Muna
Uskayaw
Wu Jian
The Shining One
Beogh

Annotations:
D:4 3 runed translucent doors, DocClef's ghost, weakling DrDe


Innate Abilities, Weirdness & Mutations

You can breathe waves of freezing cold which knock back foes.
Your icy white scales are hard. (AC +7)
You cannot fit into any form of body armour.
Your flesh is cold resistant. (rC+)
You are cold-blooded and may be slowed by cold attacks.


Message History

x - 4 pink potions (gained 1)
You open the door.
There is an open door here.
Found a glowing scarf.
An orc sorcerer comes into view.
It is wielding a +0 dagger and wearing a +2 robe of cold resistance.
An orc sorcerer is nearby!
An orc sorcerer is nearby!
Found 12 gold pieces.
Found an escape hatch in the ceiling.
Found 9 gold pieces.
Found a scroll of identify.
The orc sorcerer hits you but does no damage.
You hit the orc sorcerer but do no damage.
You barely miss the orc sorcerer. The orc sorcerer barely misses you.
You closely miss the orc sorcerer.
You tail-slap the orc sorcerer, but do no damage.
The orc sorcerer hits you but does no damage.
You barely miss the orc sorcerer. You closely miss the orc sorcerer.
The orc sorcerer misses you.
You hit the orc sorcerer.
Your tail-slap misses the orc sorcerer.
The orc sorcerer is lightly wounded.
The orc sorcerer gestures at you while chanting.
You suddenly lose the ability to move!
The orc sorcerer gestures wildly while chanting.
The orc sorcerer hits you but does no damage.
The orc sorcerer hits you with a +0 dagger.
The sun demon hits you!!
You are engulfed in flames!!
The orc sorcerer hits you but does no damage.
The sun demon barely misses you. The orc sorcerer casts a spell at you.
The bolt of negative energy hits you!!
You feel drained.
* * * LOW HITPOINT WARNING * * *
You can move again.
You gain the combat prowess of a mighty hero.
The sun demon closely misses you.
The orc sorcerer hits you but does no damage.
The sun demon hits you!
* * * LOW HITPOINT WARNING * * *
You are engulfed in flames!!
You die...

#...##..# ...#.........#
#...##..##...#.........#
##...........###+##....#
#............# ######
#....≈≈≈≈≈≈≈..
#...≈≈##.##≈≈.
#...≈##...##≈.
#...≈#.?.[.#≈.
#.....@o....≈.
.......≈#.3.$.#≈.
........≈##$..##
........≈≈ #.##
...####..≈≈ .≈≈ #+#
.<... .... ....... ....
....... ....


You could see a sun demon (summoned) and an orc sorcerer.

Vanquished Creatures
  A wyvern (D:8)
  6 yaks
  A steam dragon (D:7)
  Edmund (D:5)
  2 water moccasins (D:5)
  A sky beast (D:7)
  2 black bears
  3 centaurs
  A phantom (D:5)
  2 necrophages
  2 scorpions
  5 wights (D:7)
  3 jellies (D:5)
  An orc priest (D:6)
  4 hounds
  A gnoll shaman (D:8)
  4 iguanas
  3 orc wizards
  A mummy (D:5)
  6 adders
  3 gnolls (D:8)
  A white imp (D:7)
  A worm (D:3)
  5 dart slugs
  2 orcs
  4 ball pythons
  5 bats
  9 endoplasms
  5 giant cockroaches
  16 goblins
  2 hobgoblins
  6 quokkas
  A hobgoblin zombie (D:5)
  8 kobolds
  A kobold zombie (D:5)
  2 orc zombies (D:5)
  6 rats
127 creatures vanquished.

Notes
Turn   | Place    | Note
-------+----------+-------------------------------------------
     0 | D:5      | DocClef the Draconian Delver began the quest for the Orb.
     0 | D:5      | Reached XP level 1. HP: 19/19 MP: 1/1
    45 | D:5      | Noticed a hound
    56 | D:5      | Killed a hound
    57 | D:5      | Reached XP level 2. HP: 13/27 MP: 2/2
    67 | D:5      | Reached XP level 3. HP: 13/33 MP: 3/3
   375 | D:5      | Noticed Edmund
   404 | D:4      | Reached XP level 4. HP: 20/40 MP: 4/4
   497 | D:4      | Noticed a necrophage
   499 | D:4      | Found a runed translucent gate.
   499 | D:4      | Found a runed translucent gate.
   501 | D:4      | Found a runed translucent gate.
   501 | D:4      | Identified the +3 dagger of the Pyrrhic Victory {antimagic,
                  | rPois rF+++ rCorr}
   502 | D:4      | Noticed DocClef's ghost (weakling DrDe)
   555 | D:3      | Reached skill level 5 in Stealth
   937 | D:3      | Found a white marble altar of Elyvilon.
  1938 | D:2      | Reached XP level 5. HP: 46/46 MP: 5/5
  2341 | D:1      | Found a faded altar of an unknown god.
  3568 | D:4      | Reached XP level 6. HP: 49/53 MP: 6/6
  3966 | D:5      | Killed Edmund
  3967 | D:5      | Reached skill level 5 in Fighting
  4122 | D:5      | Your scales start taking on an icy white colour.
  4122 | D:5      | Reached XP level 7. HP: 61/61 MP: 7/7
  4122 | D:5      | Gained mutation: Your flesh is cold resistant. (rC+) [White
                  | Draconian growth]
  4153 | D:5      | Found a burning altar of Makhleb.
  4157 | D:5      | Found an iron altar of Okawaru.
  4164 | D:5      | Found an ornate altar of the Wu Jian Council.
  4166 | D:5      | Found a hide-covered altar of Uskayaw.
  4168 | D:5      | Found a broken altar of Ashenzari.
  4171 | D:5      | Found a snail-covered altar of Cheibriados.
  4178 | D:5      | Found a glowing golden altar of the Shining One.
  4235 | D:5      | Became a worshipper of Warmaster Okawaru
  5134 | D:6      | Reached skill level 5 in Short Blades
  5134 | D:6      | Reached XP level 8. HP: 70/70 MP: 8/8
  5174 | D:6      | Reached * piety under Okawaru
  5609 | D:5      | Reached skill level 5 in Dodging
  6052 | D:6      | Reached ** piety under Okawaru
  6378 | D:6      | Reached XP level 9. HP: 79/79 MP: 6/9
  6873 | D:7      | Reached *** piety under Okawaru
  6943 | D:7      | Found a staircase to the Ecumenical Temple.
  7189 | D:7      | Found a shimmering blue altar of Sif Muna.
  7873 | D:8      | Noticed a gargoyle
  7926 | D:8      | Noticed an efreet
  7941 | D:8      | Noticed a manticore
  8171 | D:8      | Noticed an orc sorcerer
  8186 | D:8      | Paralysed by an orc sorcerer for 5 turns
  8188 | D:8      | Noticed a sun demon
  8192 | D:8      | Mangled by a sun demon

Illustrated notes

Levels and vault maps discovered:
D:1:      minmay_arrival_widening_spiral_wide, layout_basic,
          ebering_ecumenical_altar_sacrificial
D:2:      layout_loops_ring, chequers_serial_rivers_micro_d
D:3:      minmay_razor_zed, layout_rooms, elyvilon_altar_1, chequers_avenue,
          hex_large
D:4:      layout_rooms, biasface_ghost_orc_armoury,
          amcnicky_mini_rare_corridor_liquid, kennysheep_generic_room_15
D:5:      layout_basic, nicolae_overflow_hallway_of_the_gods, hex_tiny,
          minmay_mini_ossuary, uniq_edmund
D:6:      layout_cave_pools, solitary_fountain, minmay_fountain_box,
          minmay_misc_feat_pillars
D:7:      layout_loops_corners, lemuel_blue_sif_altar, minmay_temple_entry_hall
D:8:      cheibrodos_wizards_tower, layout_gridville, fedhas_altar_1,
          minmay_diamond_spiral

Skill      XL: |  1  2  3  4  5  6  7  8  9 |
---------------+----------------------------+-----
Dodging        | 2 3 4 5 6 |  6.4
Fighting       | 4 5 6 7 8 |  8.2
Stealth        | 5 6 7 8 |  8.2
Short Blades   | 3 4 5 6 7 |  7.0

Action                   |  1- 3 |  4- 6 |  7- 9 || total
-------------------------+-------+-------+-------++-------
Melee: Short sword       |    33 |    25 |       ||    58
       Tailslap          |     3 |    22 |    52 ||    77
       Dagger            |       |   159 |   241 ||   400
       Punch             |       |     1 |     3 ||     4
Invok: Heroism           |       |       |     2 ||     2
  Use: Scroll            |       |       |    14 ||    14
 Stab: Sleeping          |       |    25 |    12 ||    37
Armor: Skin              |    10 |    43 |    62 ||   115
Dodge: Dodged            |    25 |    88 |   133 ||   246

Table legend: (Time is in decaauts)
 A = Elapsed time spent in this place.
 B = Non-inter-level travel time spent in this place.
 C = Inter-level travel time spent in this place.
 D = Time resting spent in this place.
 E = Time spent auto-exploring this place.
 F = Levels seen in this place.
 G = Mean time per level.
                   A        B        C        D        E       F      G
               +--------+--------+--------+--------+--------+-----+--------+
         Total |   8106 |   7798 |    308 |   1181 |   5326 |   8 | 1013.2 |
       Dungeon |   8106 |   7798 |    308 |   1181 |   5326 |   8 | 1013.2 |
               +--------+--------+--------+--------+--------+-----+--------+

Top non-repeatable levels by time:
     D:5: 1769 daAuts
     D:1: 1203 daAuts
     D:6: 1190 daAuts
     D:3: 1043 daAuts
     D:7: 963 daAuts
     D:2: 694 daAuts
     D:8: 634 daAuts
     D:4: 606 daAuts
